 Dungeon Crawl Stone Soup version 0.25-a0-842-g81a31cfd23 (webtiles) character file.

Game seed: 15007535254523826174, levelgen mode: deterministic

338631 toffzen the Severer (level 21, -2/199 HPs)
             Began as a Hill Orc Berserker on Apr 22, 2020.
             Was a High Priest of Trog.
             Slain by toffzen's illusion (illusionary) (12 damage)
             ... woven by Mara
             ... on level 3 of the Vaults on Apr 24, 2020.
             The game lasted 02:01:43 (53968 turns).

toffzen the Severer (Hill Orc Berserker)           Turns: 53968, Time: 02:01:44

Health: -2/199     AC: 27    Str: 25    XL:     21   Next: 94%
Magic:  9/9        EV: 19    Int:  7    God:    Trog [*****.]
Gold:   1963       SH: 16    Dex: 15    Spells: 20/20 levels left

rFire    + . .     SeeInvis .   a - +3 broad axe (antimagic)
rCold    + + .     Gourm    +   n - +2 kite shield
rNeg     + . .     Faith    .   m - +2 plate armour {MR+}
rPois    +         Spirit   .   Y - +1 hat {MR+}
rElec    .         Reflect  .   N - scarf {rC+ rF+}
rCorr    .         Harm     .   A - +2 pair of gloves
MR       +++++                  q - +1 pair of boots {Fly}
Stlth    ..........             E - amulet "Ufanust" {Gourm rPois rC+ rN+ Stlth+}
HPRegen  1.43/turn              r - ring of poison resistance
MPRegen  0.11/turn              T - +3 ring of evasion

@: lethally poisoned (-2 -> -2), berserk cooldown, flying, regenerating, slowed,
studying Maces & Flails, very slow
A: no striking features
}: 2/15 runes: decaying, serpentine
a: Berserk, Trog's Hand, Brothers in Arms, Renounce Religion, Stop Flying


You were on level 3 of the Vaults.
You worshipped Trog.
Trog was extremely pleased with you.
You were very full.

You visited 7 branches of the dungeon, and saw 36 of its levels.
You visited the Abyss 1 time.
You visited 1 bazaar.

You collected 4229 gold pieces.
You spent 2266 gold pieces at shops.

Inventory:

Hand Weapons
 a - a +3 antimagic broad axe (weapon)
 b - a +8 broad axe of electrocution
 s - a +2 broad axe of flaming
 K - a +2 vampiric battleaxe
Missiles
 d - 1072 stones (quivered)
 F - 2 throwing nets
Armour
 m - a +2 plate armour of magic resistance (worn)
 n - a +2 kite shield (worn)
 q - a +1 pair of boots of flying (worn)
 A - a +2 pair of gloves (worn)
 N - a scarf of resistance (worn)
 Y - a +1 hat of magic resistance (worn)
Jewellery
 r - a ring of poison resistance (left hand)
 v - an uncursed ring of positive energy
 E - the amulet "Ufanust" (around neck) {Gourm rPois rC+ rN+ Stlth+}
   (You acquired it on level 1 of the Elven Halls)

   [amulet of the gourmand]

   It allows you to eat raw meat even when not hungry.
   It protects you from cold.
   It protects you from poison.
   It protects you from negative energy.
   It makes you more stealthy.
 Q - an uncursed ring of fire
 R - an uncursed ring of resist corrosion
 T - a +3 ring of evasion (right hand)
Wands
 t - a wand of flame (45)
 y - a wand of scattershot (11)
 H - a wand of digging (7)
 O - a wand of acid (32)
 S - a wand of iceblast (89)
Scrolls
 e - a scroll of magic mapping
 g - 10 scrolls of teleportation
 i - 2 scrolls of identify
 o - 5 scrolls of enchant weapon
 u - 5 scrolls of enchant armour
 x - a scroll of holy word
 z - 7 scrolls of blinking
 B - 6 scrolls of fear
 C - 12 scrolls of remove curse
 W - a scroll of silence
 X - 3 scrolls of fog
Potions
 h - 2 potions of resistance
 k - 4 potions of might
 l - 10 potions of flight
 p - 15 potions of haste
 w - 4 potions of invisibility
 D - 15 potions of heal wounds
 I - 18 potions of curing
 J - 5 potions of lignification
 L - a potion of stabbing
 M - 4 potions of berserk rage
 P - 3 potions of cancellation
 Z - 4 potions of mutation
Books
 U - a manual of Maces & Flails
Miscellaneous
 f - a lightning rod (4/4)
 G - a lightning rod (4/4)
 V - 2 phantom mirrors
Comestibles
 c - 42 rations


   Skills:
 + Level 19.6 Fighting
 - Level 20.6 Axes
 + Level 18.1 Armour
 + Level 14.5 Dodging
 - Level 15.0 Shields
 - Level 8.0 Evocations


You had 20 spell levels left.
You didn't know any spells.
Your spell library was empty.

Dungeon Overview and Level Annotations

Branches:
Dungeon (15/15)            Temple (0/1) D:7            Lair (6/6) D:8
  Swamp (4/4) Lair:2        Snake (4/4) Lair:3        Slime (0/5) Lair:6
    Orc (2/2) D:12            Elf (2/3) Orc:2        Vaults (3/5) D:13
  Crypt (0/3) Vaults:2     Depths (0/5) D:15

Altars:
Cheibriados
Dithmenos
Elyvilon
Gozag
Hepliaklqana
Makhleb
Nemelex Xobeh
Okawaru
Qazlal
Trog
Vehumet
Wu Jian
Yredelemnul
The Shining One
Beogh

Shops:
D:9 =   D:10 (!*?*[(   Orc:2 =[}}   Elf:2 (   Snake:3 [   Vaults:2 %}!!*

Annotations:
D:2 exclusion: 2 goblins
Lair:1 exclusion: oklob plant
Lair:5 2 transporters
Elf:1 6 runed translucent doors
Vaults:3 Mara


Message History

You block Mara's attack.
You hit Mara.
You kill Mara!
You miss toffzen's illusion. Toffzen's illusion hits you!
* * * LOW HITPOINT WARNING * * *
You are no longer berserk.
You are exhausted.
You feel yourself slow down. Mara completely misses you.
You miss Mara.
Mara is moderately wounded.
Mara closely misses you.
Mara hits you with a +3 demon blade of venom!!
* * * LOW HITPOINT WARNING * * *
You closely miss Mara.
Mara is moderately wounded.
You miss toffzen's illusion.
You feel sick. You block Mara's attack. Toffzen's illusion hits you!!
* * * LOW HITPOINT WARNING * * *
You are electrocuted!
You die...

........†......... ########
........p...##### #.#.#...
........†)))##########.#.#.#
........†.).p.#.#.#.#.#.#.#.
###########.R...'...##.#.###
#p#...'...#.#.#...
#p#...'...#..##.#.
#@#.#.#.#.'[#.#...
#@##########.#.### #R#
#.#.#.#. #.. ##.#.#.# #...
#.#.#... #.... ########
...... ....... ########


You could see 2 Maras, a vault warden, 2 vault guards and toffzen's illusion.

Vanquished Creatures
  the Lernaean hydra (Swamp:4)
  Jorgrun (D:15)
  A deep elf blademaster (Elf:2)
  A sphinx (Vaults:1)
  Frances (Swamp:1)
  Agnes (Snake:4)
  4 thorn hunters
  Gastronok (D:10)
  Kirke (Elf:1)
  A storm dragon (Vaults:1)
  8 nagarajas
  A fire giant (Vaults:1)
  3 vault wardens
  A frost giant (D:15)
  An orc warlord (Orc:1)
  Aizul (Vaults:1)
  6 very ugly things
  5 ironheart preservers
  6 stone giants
  3 deep elf demonologists
  2 entropy weavers
  Snorg (Lair:3)
  A fire dragon (Lair:6)
  A deep elf death mage (Vaults:2)
  4 yaktaur captains
  3 deep elf high priests (Elf:1)
  3 ice dragons
  16 naga warriors
  A rakshasa (Vaults:2)
  Fannar (D:12)
  A vault guard (D:13)
  22 hydras
  2 ghost crabs
  2 great orbs of eyes
  7 anacondas
  7 ogre magi
  8 alligators
  18 two-headed ogres
  20 dancing weapons
  6 centaur warriors
  2 death knights
  Erica (Lair:2)
  A deep troll shaman (Vaults:1)
  Urug (Lair:6)
  10 naga sharpshooters
  4 orc high priests
  5 shock serpents
  Nergalle (D:12)
  2 shadow wraiths
  17 deep elf knights
  A salamander mystic (Snake:3)
  A storm dragon skeleton (Vaults:1)
  13 swamp dragons
  4 wizards
  7 naga ritualists
  4 unseen horrors
  3 deep trolls (Vaults:1)
  13 deep elf archers
  A lindwurm (Lair:6)
  A sphinx zombie (Vaults:3)
  A flayed ghost (Vaults:3)
  A glowing orange brain (Vaults:3)
  5 ironbrand convokers
  3 orc knights
  2 necromancers
  4 spriggan druids
  A harpy (shapeshifter) (Vaults:3)
  A harpy (Vaults:2)
  34 deep elf magi
  2 large abominations (Elf:1)
  2 wolf spiders
  2 manticores (D:15)
  8 mana vipers
  8 cyclopes
  41 ugly things
  A stone giant zombie (Vaults:3)
  3 orc sorcerers
  3 salamanders
  Joseph (D:9)
  3 centaur zombies
  5 elephants (Lair:5)
  22 black mambas
  3 gargoyles
  6 guardian serpents
  24 naga magi
  A stone giant skeleton (Vaults:3)
  3 molten gargoyles (Lair:6)
  12 spiny frogs
  2 centaur skeletons
  2 vault sentinels
  12 yaktaurs
  3 rime drakes
  8 komodo dragons
  2 freezing wraiths (Vaults:3)
  A yaktaur skeleton (Vaults:3)
  A queen bee (shapeshifter) (Vaults:2)
  5 trolls
  8 tyrant leeches
  11 hornets
  11 blink frogs
  2 blink frogs (shapeshifter)
  2 bog bodies
  10 hippogriffs
  An ettin zombie (Vaults:3)
  28 slime creatures
  Grinder (D:5)
  2 human simulacra
  2 redbacks
  A shadow (D:12)
  Sigmund (D:3)
  An air elemental (Elf:1)
  A spriggan (shapeshifter) (Vaults:1)
  A vampire (D:15)
  4 wraiths
  9 spriggans
  3 fire elementals
  A water elemental (Elf:2)
  9 wyverns
  50 yaks
  25 vampire mosquitoes
  6 basilisks
  A golden eye (shapeshifter) (Vaults:3)
  5 hogs (Elf:1)
  7 hungry ghosts
  A yaktaur simulacrum (Vaults:3)
  18 swamp worms
  4 wargs
  Edmund (D:4)
  9 insubstantial wisps
  A warg (shapeshifter) (Vaults:2)
  43 nagas
  3 hell hounds (Lair:6)
  13 porcupines
  12 water moccasins
  9 swamp drakes
  37 orc warriors
  A swamp drake (shapeshifter) (D:10)
  A black bear (shapeshifter) (Vaults:1)
  A black bear (D:10)
  An eye of draining (D:13)
  8 ice beasts
  5 sky beasts
  An ice dragon simulacrum (Vaults:1)
  A necrophage (D:13)
  31 ogres
  5 phantoms
  3 boggarts (Vaults:3)
  A wolf (shapeshifter) (D:15)
  8 wolves
  17 centaurs
  14 crocodiles
  3 big kobolds
  13 bullfrogs
  3 earth elementals (Elf:1)
  A gnoll sergeant (D:9)
  A glowing shapeshifter simulacrum (Vaults:1)
  4 scorpions
  8 jellies
  4 troll zombies (D:12)
  24 killer bees
  12 wights
  4 howler monkeys
  An electric eel (D:8)
  12 crimson imps
  2 bullfrog zombies
  3 quasits
  5 lava snakes (Lair:6)
  13 hounds
  2 gnoll shamans
  36 orc priests
  3 bullfrog skeletons
  2 iguanas
  Ijyb (D:3)
  42 orc wizards
  15 worker ants
  A killer bee zombie (D:5)
  2 ogre zombies (D:12)
  A howler monkey zombie (D:5)
  2 worker ant zombies
  A howler monkey skeleton (D:4)
  12 gnolls
  13 adders
  A shadow imp (D:12)
  2 oozes
  An adder zombie (D:7)
  An adder skeleton (D:4)
  3 worms (D:2)
  3 dart slugs
  9 leopard geckos
  95 orcs
  13 bats
  7 giant cockroaches
  13 goblins
  7 hobgoblins
  17 jackals
  6 quokkas
  A ball python (D:3)
  A goblin zombie (D:12)
  2 hobgoblin skeletons (D:12)
  A hobgoblin zombie (D:12)
  A jackal zombie (D:5)
  16 kobolds
  A leopard gecko zombie (D:3)
  5 orc skeletons (D:12)
  10 orc zombies (D:12)
  7 rats
  A crawling corpse (Elf:1)
  A fungus (Lair:6)
  A plant (Lair:4)
1428 creatures vanquished.

Vanquished Creatures (collateral kills)
  A vault guard (Vaults:3)
1 creature vanquished.

Vanquished Creatures (others)
  Nikola (Snake:2)
  An orc high priest (Orc:2)
  A spriggan (Swamp:3)
  A deep elf mage (Elf:1)
  A hornet (Swamp:3)
  A yak (Lair:6)
  A naga (Snake:2)
  An orc wizard (D:9)
  An orc (Elf:1)
  A hobgoblin (D:3)
  4 briar patches (Swamp:3)
  12 fungi
  7 plants
33 creatures vanquished.

Grand Total: 1462 creatures vanquished

Notes
Turn   | Place    | Note
-------+----------+-------------------------------------------
     0 | D:1      | toffzen the Hill Orc Berserker began the quest for the Orb.
     0 | D:1      | Reached XP level 1. HP: 19/19 MP: 1/1
   125 | D:1      | Reached XP level 2. HP: 27/27 MP: 2/2
   377 | D:1      | Reached XP level 3. HP: 25/33 MP: 3/3
   500 | D:1      | Reached ** piety under Trog
   835 | D:2      | Reached skill level 5 in Axes
   850 | D:2      | Reached XP level 4. HP: 40/40 MP: 4/4
   854 | D:2      | Found an iron altar of Okawaru.
  1427 | D:2      | Found a burning altar of Makhleb.
  1427 | D:2      | Found a radiant altar of Vehumet.
  1669 | D:3      | Reached XP level 5. HP: 47/47 MP: 5/5
  1683 | D:3      | Found an opulent altar of Gozag.
  1784 | D:3      | Reached skill level 1 in Shields
  1939 | D:3      | Noticed Sigmund
  1957 | D:3      | Killed Sigmund
  1957 | D:3      | Reached skill level 6 in Axes
  1957 | D:3      | Reached XP level 6. HP: 53/53 MP: 6/6
  2014 | D:3      | Found an ornate altar of the Wu Jian Council.
  2157 | D:3      | Noticed Ijyb
  2170 | D:3      | Killed Ijyb
  2913 | D:4      | Reached skill level 5 in Fighting
  2913 | D:4      | Reached XP level 7. HP: 43/61 MP: 7/7
  2959 | D:4      | Reached skill level 7 in Axes
  3168 | D:4      | Found a bloodstained altar of Trog.
  3176 | D:4      | Noticed a hippogriff
  3190 | D:4      | Killed a hippogriff
  3245 | D:4      | Reached *** piety under Trog
  3405 | D:4      | Reached skill level 8 in Axes
  3405 | D:4      | Reached XP level 8. HP: 65/69 MP: 8/8
  3723 | D:4      | Noticed Edmund
  3739 | D:4      | Killed Edmund
  3879 | D:5      | Entered Level 5 of the Dungeon
  4067 | D:5      | Reached skill level 5 in Armour
  4194 | D:5      | Reached skill level 9 in Axes
  5146 | D:5      | Reached XP level 9. HP: 78/78 MP: 9/9
  6075 | D:5      | Reached skill level 10 in Axes
  6091 | D:5      | Noticed Grinder
  6101 | D:5      | Killed Grinder
  6101 | D:5      | Reached skill level 5 in Shields
  6264 | D:5      | Found a hazy altar of Hepliaklqana.
  6360 | D:6      | Found a stormy altar of Qazlal.
  6465 | D:6      | Reached **** piety under Trog
  7252 | D:6      | Found a glowing golden altar of the Shining One.
  7897 | D:7      | Reached skill level 11 in Axes
  8352 | D:6      | Reached XP level 10. HP: 86/86 MP: 10/10
  8587 | D:7      | Found a staircase to the Ecumenical Temple.
  8749 | D:7      | Reached skill level 5 in Dodging
  9032 | D:7      | Got an ichor-stained falchion
  9525 | D:8      | Reached skill level 12 in Axes
  9707 | D:8      | Found a white marble altar of Elyvilon.
  9765 | D:8      | Found a basalt altar of Yredelemnul.
 10011 | D:8      | Reached ***** piety under Trog
 10011 | D:8      | Received a gift from Trog
 10078 | D:8      | Found a staircase to the Lair.
 10139 | D:8      | Found a sparkling altar of Nemelex Xobeh.
 10543 | D:9      | Found Riuwefa's Jewellery Emporium.
 10813 | D:9      | Noticed Joseph
 10822 | D:9      | Killed Joseph
 10822 | D:9      | Reached XP level 11. HP: 43/95 MP: 11/11
 11268 | D:9      | Reached skill level 13 in Axes
 11330 | D:10     | Entered Level 10 of the Dungeon
 11330 | D:10     | Found Qamic's Weapon Emporium.
 11585 | D:10     | Noticed a purple ugly thing
 11590 | D:10     | Paralysed by a hornet for 2 turns
 11599 | D:10     | Killed a purple ugly thing
 11600 | D:10     | Noticed a purple ugly thing
 11605 | D:10     | Killed a purple ugly thing
 11615 | D:10     | Noticed a salamander
 11916 | D:10     | Received a gift from Trog
 12177 | D:10     | Killed an unseen horror
 12225 | D:10     | Reached skill level 14 in Axes
 12329 | D:10     | Killed an unseen horror
 12350 | D:10     | Found Viepnira's Assorted Antiques.
 12350 | D:10     | Found Irphio's General Store.
 12369 | D:10     | Found Qygesic's Distillery.
 12374 | D:10     | Found Qaiwkoas's Magic Scroll Shop.
 12380 | D:10     | Bought a potion of curing for 36 gold pieces
 12384 | D:10     | Bought a scroll of fog for 22 gold pieces
 12485 | D:10     | Killed an unseen horror
 12485 | D:10     | Reached skill level 10 in Fighting
 12552 | D:10     | Noticed Gastronok
 12588 | D:10     | Killed Gastronok
 12588 | D:10     | Reached XP level 12. HP: 107/107 MP: 12/12
 12680 | D:10     | Found Nail's Armour Shop.
 13007 | D:10     | Found Ydoppuer's Antique Weapon Emporium.
 13140 | D:10     | Reached skill level 15 in Axes
 13327 | Lair:1   | Entered Level 1 of the Lair of Beasts
 13706 | Lair:1   | Noticed an eight-headed hydra
 13717 | Lair:1   | Killed an eight-headed hydra
 14183 | Lair:1   | Identified the cursed +0 falchion of Boel {drain, SInv}
                  | (You found it on level 7 of the Dungeon)
 14367 | Lair:2   | Got a translucent chain mail
 14384 | Lair:2   | Identified the +4 chain mail of Past Mistakes {+Blink rC+
                  | MR-} (You found it on level 2 of the Lair of Beasts)
 14433 | Lair:2   | Found a staircase to the Swamp.
 14439 | Lair:2   | Received a gift from Trog
 14442 | Lair:2   | Got a shimmering war axe {god gift}
 14457 | Lair:2   | Identified the +5 war axe "Gesoh" {vorpal, Str+10 Stlth-}
                  | (Trog gifted it to you on level 2 of the Lair of Beasts)
 14496 | Lair:2   | Noticed a six-headed hydra
 14518 | Lair:2   | Killed a six-headed hydra
 14524 | Lair:2   | Reached skill level 10 in Armour
 14751 | Lair:2   | Got a faintly glowing chain mail
 14766 | Lair:2   | Identified the +5 chain mail "Vinism" {rC+} (You found it
                  | on level 2 of the Lair of Beasts)
 14817 | Lair:2   | Reached skill level 16 in Axes
 15426 | Lair:2   | Noticed Erica
 15442 | Lair:2   | Killed Erica
 15968 | Lair:3   | Found a glowing golden altar of the Shining One.
 16001 | Lair:3   | Reached XP level 13. HP: 116/116 MP: 13/13
 16045 | Lair:3   | Found a staircase to the Snake Pit.
 16394 | Lair:3   | Noticed Snorg
 16410 | Lair:3   | Killed Snorg
 18247 | Lair:5   | Found a transporter.
 18289 | Lair:5   | Found a transporter.
 18398 | Lair:5   | Reached skill level 17 in Axes
 18400 | Lair:5   | Received a gift from Trog
 18480 | Lair:5   | Got an ichor-stained scale mail
 18514 | Lair:4   | Identified the +4 scale mail of the Vaults {Dex+3 Slay+3}
                  | (You found it on level 5 of the Lair of Beasts)
 19156 | Lair:6   | Entered Level 6 of the Lair of Beasts
 19236 | Lair:6   | Noticed Urug
 20007 | Lair:6   | Killed Urug
 20168 | Lair:6   | Reached skill level 18 in Axes
 20175 | Lair:6   | Reached XP level 14. HP: 84/127 MP: 14/14
 20350 | Lair:6   | Found a staircase to the Slime Pits.
 21223 | Lair:6   | Found a large runed translucent door.
 21224 | Lair:6   | Found a large runed translucent door.
 22292 | D:11     | Found a burning altar of Makhleb.
 22366 | D:11     | Received a gift from Trog
 22799 | D:12     | Noticed Nergalle
 22821 | D:12     | Killed Nergalle
 22993 | D:12     | Noticed Fannar
 23013 | D:12     | Killed Fannar
 23014 | D:12     | Received a gift from Trog
 23082 | D:12     | You fall into a shaft and drop 1 floor!
 23158 | D:12     | Found a frozen archway.
 23539 | D:12     | Found a staircase to the Orcish Mines.
 23883 | Orc:1    | Entered Level 1 of the Orcish Mines
 24037 | Orc:1    | Found a roughly hewn altar of Beogh.
 24709 | Orc:2    | Entered Level 2 of the Orcish Mines
 24709 | Orc:2    | Found a gateway to a bazaar.
 24726 | Orc:2    | Found a staircase to the Elven Halls.
 24739 | Orc:2    | Received a gift from Trog
 24885 | Orc:2    | Noticed an orc warlord
 24893 | Orc:2    | Reached skill level 19 in Axes
 25040 | Orc:1    | Killed an orc warlord
 25473 | Orc:2    | Received a gift from Trog
 25875 | Orc:2    | Reached skill level 10 in Dodging
 26076 | Orc:2    | Reached XP level 15. HP: 137/137 MP: 5/15
 26229 | Orc:2    | Found Jaegh's Jewellery Emporium.
 26229 | Orc:2    | Found Jinois's Armour Emporium.
 26230 | Orc:2    | Found Xetiol's Gadget Shoppe.
 26233 | Orc:2    | Found Yrrila's Gadget Shoppe.
 26455 | Bazaar   | Entered a bazaar
 26456 | Bazaar   | Found Aghat's Antique Weapon Emporium.
 26456 | Bazaar   | Found Humoi's General Store.
 26457 | Bazaar   | Found Wiux's Jewellery Boutique.
 26463 | Bazaar   | Bought a scroll of enchant armour for 75 gold pieces
 26466 | Bazaar   | Found Teog's Book Shop.
 26511 | Bazaar   | Bought 2 potions of lignification for 60 gold pieces
 26580 | D:13     | Received a gift from Trog
 26695 | D:13     | Found a shadowy altar of Dithmenos.
 26833 | D:13     | Found a snail-covered altar of Cheibriados.
 27018 | D:13     | Found a gate to the Vaults.
 27969 | D:14     | Received a gift from Trog
 28074 | D:15     | Entered Level 15 of the Dungeon
 28723 | D:15     | Found a basalt altar of Yredelemnul.
 28962 | D:15     | Noticed Jorgrun
 28989 | D:15     | Killed Jorgrun
 29697 | D:15     | Found a staircase to the Depths.
 29697 | D:15     | Noticed a frost giant
 29704 | D:15     | Killed a frost giant
 30136 | Snake:1  | Entered Level 1 of the Snake Pit
 30159 | Snake:1  | Reached XP level 16. HP: 146/147 MP: 1/16
 30231 | Snake:1  | Reached skill level 20 in Axes
 30238 | Snake:1  | Received a gift from Trog
 31316 | Snake:1  | Reached skill level 15 in Fighting
 31679 | Snake:1  | Noticed a nagaraja
 31695 | Snake:1  | Killed a nagaraja
 32703 | Snake:2  | Received a gift from Trog
 32773 | Snake:2  | Noticed Nikola
 32813 | Snake:2  | Killed Nikola
 32813 | Snake:2  | HP: 2/223 [/chain lightning (22)]
 34198 | Snake:2  | Noticed a nagaraja
 34214 | Snake:2  | Killed a nagaraja
 34347 | Snake:2  | Reached skill level 10 in Shields
 34809 | Snake:3  | Noticed a nagaraja
 34820 | Snake:3  | Killed a nagaraja
 35414 | Snake:3  | Found Vutum's Specialty Armours.
 35479 | Snake:3  | Reached XP level 17. HP: 157/157 MP: 5/17
 36367 | Snake:4  | Entered Level 4 of the Snake Pit
 37209 | Snake:4  | Identified the Tome of Augmentations and Contamination
 37259 | Snake:4  | Noticed Agnes
 37279 | Snake:4  | Killed Agnes
 37385 | Snake:4  | Received a gift from Trog
 38937 | Snake:4  | Reached skill level 15 in Armour
 39145 | Snake:4  | Received a gift from Trog
 40079 | Snake:4  | Got a serpentine rune of Zot
 40320 | Swamp:1  | Entered Level 1 of the Swamp
 40337 | Swamp:1  | Noticed Frances
 40351 | Swamp:1  | Killed Frances
 40818 | Swamp:1  | Received a gift from Trog
 40824 | Swamp:1  | Identified the +2 battleaxe of Offence {vorpal, +Inv rN+
                  | Int-2} (Trog gifted it to you on level 1 of the Swamp)
 41200 | Swamp:2  | Identified the cursed +0 buckler of Hide-and-Seek {rCorr
                  | Str-4 Int+9 Dex-2} (You found it on level 2 of the Swamp)
 41208 | Swamp:2  | Reached XP level 18. HP: 168/168 MP: 18/18
 41349 | Swamp:2  | Reached skill level 1 in Evocations
 42506 | Swamp:3  | Received a gift from Trog
 42720 | Swamp:4  | Entered Level 4 of the Swamp
 43870 | Swamp:4  | Received a gift from Trog
 43961 | Swamp:4  | Noticed the 27-headed Lernaean hydra
 43978 | Swamp:4  | Killed the 21-headed Lernaean hydra
 44336 | Swamp:4  | Got a decaying rune of Zot
 44889 | Elf:1    | Entered Level 1 of the Elven Halls
 45067 | Elf:1    | Identified a scroll of acquirement
 45068 | Elf:1    | Identified the amulet "Ufanust" {Gourm rPois rC+ rN+
                  | Stlth+} (You acquired it on level 1 of the Elven Halls)
 45666 | Elf:1    | Reached skill level 5 in Evocations
 46212 | Elf:1    | Reached XP level 19. HP: 143/178 MP: 22/22
 46235 | Elf:1    | Found a runed translucent gate.
 46235 | Elf:1    | Found a runed translucent gate.
 46235 | Elf:1    | Found a runed translucent gate.
 46235 | Elf:1    | Found a runed translucent gate.
 46235 | Elf:1    | Found a runed translucent gate.
 46237 | Elf:1    | Found a runed translucent gate.
 46289 | Elf:1    | Noticed Kirke
 46308 | Elf:1    | Killed Kirke
 46355 | Elf:1    | Received a gift from Trog
 46639 | Elf:2    | Found Ariuqemi's Antique Weapon Emporium.
 47153 | Elf:2    | Found a runed translucent gate.
 47155 | Elf:2    | Found a runed translucent gate.
 47294 | Elf:2    | Found a runed translucent gate.
 47735 | Elf:2    | Received a gift from Trog
 48905 | Vaults:1 | Entered Level 1 of the Vaults
 48927 | Vaults:1 | Cast into level 2 of the Abyss (orc knight)
 48946 | Vaults:1 | Escaped the Abyss
 49407 | Vaults:1 | Upgraded the game from 0.25-a0-834-g55863b0b92 to
                  | 0.25-a0-842-g81a31cfd23
 50142 | Vaults:1 | Noticed Aizul
 50164 | Vaults:1 | Killed Aizul
 50605 | Vaults:1 | Reached XP level 20. HP: 180/189 MP: 25/25
 51516 | Vaults:2 | Found Oxazi's Distillery.
 51533 | Vaults:2 | Bought a potion of heal wounds for 85 gold pieces
 51533 | Vaults:2 | Bought a potion of experience for 850 gold pieces
 51533 | Vaults:2 | Bought a potion of heal wounds for 85 gold pieces
 51533 | Vaults:2 | Bought 2 potions of resistance for 340 gold pieces
 51533 | Vaults:2 | Reached skill level 15 in Shields
 51533 | Vaults:2 | Reached XP level 21. HP: 147/195 MP: 8/26
 51649 | Vaults:2 | Found Mias's Food Shop.
 51649 | Vaults:2 | Found Vupikk's Gadget Shoppe.
 51806 | Vaults:2 | Found a staircase to the Crypt.
 51852 | Vaults:2 | Received a gift from Trog
 52445 | Vaults:2 | Found Mannarr's Assorted Antiques.
 52445 | Vaults:2 | Found Yfirothrapno's Distillery.
 52450 | Vaults:2 | Bought a scroll of fear for 98 gold pieces
 52450 | Vaults:2 | Bought a potion of heal wounds for 140 gold pieces
 52454 | Vaults:2 | Bought a potion of heal wounds for 95 gold pieces
 52454 | Vaults:2 | Bought 2 potions of haste for 380 gold pieces
 53136 | Vaults:2 | Reached ****** piety under Trog
 53309 | Vaults:3 | Received a gift from Trog
 53930 | Vaults:3 | Noticed Mara
 53937 | Vaults:3 | Noticed toffzen's illusion
 53968 | Vaults:3 | Slain by toffzen's illusion (illusionary)

Levels and vault maps discovered:
D:1:      dpeg_arrival_snail, layout_rooms, wad_floor_pattern_1
D:2:      layout_loops_ring, gammafunk_temple_overflow_statue,
          kennysheep_okawaru_gauntlet
D:3:      layout_basic, nicolae_overflow_crystal_walls,
          nicolae_gozag_cash_rules_everything_around_me,
          kennysheep_cluttered_room, grunt_ministairs_3, uniq_ijyb, uniq_sigmund
D:4:      layout_gridville, bloody_trog, first_ration, uniq_edmund
D:5:      layout_gridville, lemuel_coloured_pillars_altar,
          minmay_manual_monstrance, uniq_grinder
D:6:      layout_loops_corners, basic_altar, nicolae_tso_swordbearing_angel
D:7:      layout_rooms, temple_fountains, minivault_4, minmay_stone_trees_small,
          grunt_ogre_cave
D:8:      layout_rooms, kennysheep_ying_yang, kennysheep_mini_moat,
          erik_lair_island
D:9:      layout_loops_ring, serial_shops, nicolae_shop_waterfront,
          minivault_11, uniq_joseph
D:10:     minmay_the_grid_octo_tiled_octocenter [minmay_the_grid_octo_clover,
          minmay_the_grid_octo_checkered, minmay_the_grid_octo_focus,
          minmay_the_grid_octo_toaster, minmay_the_grid_octo_prize_star,
          minmay_the_grid_square_5x5_trominoes,
          minmay_the_grid_square_5x5_three_walls,
          minmay_the_grid_square_5x5_inner_z,
          minmay_the_grid_square_5x5_eight_small], layout_irregular_city,
          serial_shops, shop_statue, nicolae_shop_crystal, shop,
          minmay_shop_grid_forest, uniq_gastronok
D:11:     layout_basic, bloody_makhleb
D:12:     layout_loops_corners, zombieorc1_lemuel, portal_ice_cave_rime,
          uniq_fannar, uniq_nergalle
D:13:     layout_cave_pools, david_vaults_5, serial_column_ruins,
          column_ruins_temple_hall, column_ruins_hut, column_ruins_open_medium,
          column_ruins_open_small, column_ruins_open_tiny,
          column_ruins_corridor_straight, column_ruins_open_tiny,
          column_ruins_open_small, column_ruins_grid_1, basic_altar
D:14:     layout_loops_ring, chequers_arboretum
D:15:     grunt_enter_depths_snipers, layout_loops_ring, basic_altar,
          corexii_hall_statues_deadend, uniq_jorgrun
Lair:1:   layout_concentric_octagons, minmay_lair_oklob_chamber
Lair:2:   layout_small_grid, minmay_swamp_entry_worms, ldierk_geyser,
          chequers_serial_rivers_small_a, infiniplex_staircase_pool_2,
          grunt_megastairs_4, lemuel_fruit_fields, uniq_erica
Lair:3:   layout_regular_city, minmay_snake_entry_guardpost_small, basic_altar,
          minivault_27, uniq_snorg
Lair:4:   layout_layer_cave, lemuel_fruit_tree, grunt_megastairs_2
Lair:5:   gammafunk_cloud_chamber, layout_long_grid, lemuel_fruit_fields
Lair:6:   cheibrodos_lair_end_hotspot, layout_gridlike, dpeg_slime_entry_corner,
          serial_rivers, chequers_serial_rivers_micro_c,
          chequers_serial_rivers_room_a, chequers_serial_rivers_micro_c,
          chequers_serial_rivers_room_a, chequers_serial_rivers_micro_c,
          chequers_serial_rivers_small_a, uniq_urug
Swamp:1:  layout_basic_swamp, serial_swamp_ruin, evilmike_swamp_ruin_house_1,
          evilmike_swamp_ruin_rubble_2, evilmike_swamp_ruin_rubble_1,
          uniq_frances
Swamp:2:  layout_basic_swamp, hangedman_swamp_ruin_wall
Swamp:3:  layout_basic_swamp, hangedman_swamp_cone
Swamp:4:  swamp_old_school, layout_basic_swamp, swamp_pool1
Snake:1:  layout_layer_cave, hangedman_snake_sidewinding
Snake:2:  layout_misc_corridors, drop_trap, uniq_nikola
Snake:3:  nrook_guardian_serpent_snake_passage, layout_chambers,
          nicolae_barding_shop
Snake:4:  snake_pit, layout_chambers, uniq_louise, uniq_agnes
Orc:1:    nicolae_orc_accident_2, layout_caves
Orc:2:    st_orc_mages, layout_caves, serial_shops, bzr_entry_gold
Elf:1:    kennysheep_six_static_rooms, layout_geoelf_octagon, orc_legates,
          uniq_kirke
Elf:2:    layout_gridlike, serial_shops, nicolae_shop_waterfront,
          corexii_checkpoint_a
Vaults:1: v_misc_26, vaults_dpeg_encased_lava, v_misc_2, st_hourglassy,
          grunt_vaults_hallway_short, nicolae_vaults_three_branches,
          nicolae_vaults_shelves_hall, nicolae_vaults_angled_halls,
          v_alt_pattern_2, serial_ice_g, vaults_dpeg_hooks,
          dpeg_vaults_monster_box, layout_vaults_omnigrid, uniq_aizul
Vaults:2: v_alt_pattern_6, minmay_crypt_entry_simple_round,
          vaults_room_large_hall, ontoclasm_vaults_ring_large,
          ontoclasm_vaults_decontamination, hangedman_vaults_nodes,
          hangedman_vaults_river_flow, ontoclasm_vaults_misaligned,
          hangedman_vaults_maws, nicolae_vaults_murderbox,
          hangedman_vaults_slice, grunt_vaults_twisty, vaults_room_grid,
          grunt_vaults_diagonal, layout_vaults_ring, serial_shops,
          nicolae_shop_trees, shop, nicolae_shop_window_shopping,
          nicolae_shop_behind_doors, shop
Vaults:3: nicolae_vaults_asterisk, v_pattern_4, vaults_room_door_hall,
          hangedman_vaults_trim, hangedman_vaults_pinch,
          ontoclasm_vaults_ligature, nicolae_vaults_border_crossing,
          vaults_room_corners, grunt_vaults_hallway_long,
          nicolae_vaults_little_squares_1, vaults_room_door_ring,
          layout_vaults_omnicross, uniq_mara

Skill      XL: |  1  2  3  4  5  6  7  8  9 10 11 12 13 14 15 16 17 18 19 20 21 |
---------------+----------------------------------------------------------------+-----
Fighting       | 4 5 6 7 8 10 11 12 13 14 15 16 17 18 19 | 19.6
Dodging        | 2 3 4 5 7 9 10 11 12 13 14 | 14.5
Axes           | 5 6 8 9 11 12 14 16 18 19 20 | 20.6
Armour         | 3 4 5 6 7 9 10 11 12 13 14 15 16 17 18 | 18.1
Shields        | 1 2 3 4 5 6 8 10 11 12 14 15 | 15.0
Evocations     | 5 7 8 |  8.0

Action                   |  1- 3 |  4- 6 |  7- 9 | 10-12 | 13-15 | 16-18 | 19-21 || total
-------------------------+-------+-------+-------+-------+-------+-------+-------++-------
Melee: Hand axe          |    99 |   203 |   280 |       |       |       |       ||   582
       War axe           |       |       |   275 |   168 |       |       |       ||   443
       Executioner's axe |       |       |       |   159 |       |       |       ||   159
       Broad axe         |       |       |       |   388 |  1392 |  1605 |   936 ||  4321
       Trident           |       |       |       |    15 |       |       |       ||    15
       Scimitar          |       |       |       |       |    32 |       |       ||    32
Throw: Stone             |       |       |    23 |     3 |     8 |       |       ||    34
Invok: Berserk           |     1 |     3 |    11 |    11 |    14 |     9 |     5 ||    54
       Trog's Hand       |       |       |     5 |     3 |     9 |     4 |     4 ||    25
       Brothers in Arms  |       |       |       |       |       |       |     1 ||     1
Evoke: Wand              |       |       |       |     6 |       |       |       ||     6
  Use: Scroll            |       |     3 |     7 |     6 |    19 |    13 |     5 ||    53
       Potion            |       |       |     1 |       |       |       |     1 ||     2
 Stab: Distracted        |       |       |       |       |       |     1 |       ||     1
  Eat: Chunk             |     1 |     8 |    21 |    35 |    42 |    13 |    38 ||   158
       Ration            |       |       |     3 |     3 |     8 |    14 |       ||    28
Armor: Scale mail        |    52 |    55 |   164 |    81 |   124 |       |       ||   476
       Animal skin       |     1 |       |       |       |       |       |       ||     1
       Plate armour      |       |       |       |   231 |   152 |   446 |   199 ||  1028
       Chain mail        |       |       |       |    14 |    51 |       |       ||    65
Dodge: Dodged            |    73 |    49 |   177 |   252 |   472 |   577 |   279 ||  1879
       Repelled          |       |       |       |       |       |    18 |     1 ||    19
Block: Kite shield       |    15 |    69 |   302 |   313 |   718 |   910 |   480 ||  2807
       Rpst.: Scimitar   |       |       |       |       |     4 |       |       ||     4

Table legend:
 A = Non-vault XP
 B = Vault XP
 C = Vault XP percentage of total XP
 D = Non-vault monster count
 E = Vault monster count
 F = Vault count percentage of total count
                 A         B        C        D         E       F
            +---------+---------+-------+---------+---------+-------
      Total |  296381 |  197614 |  40.0 |    1010 |     421 |  29.4
            +---------+---------+-------+---------+---------+-------
        D:1 |      63 |       0 |   0.0 |      36 |       0 |   0.0
        D:2 |      96 |       0 |   0.0 |      20 |       0 |   0.0
        D:3 |      77 |     266 |  77.6 |      20 |       4 |  16.7
        D:4 |     774 |     164 |  17.5 |      15 |       1 |   6.2
        D:5 |    1623 |     251 |  13.4 |      38 |       2 |   5.0
        D:6 |    1073 |       0 |   0.0 |      23 |       0 |   0.0
        D:7 |    1111 |     121 |   9.8 |      34 |       1 |   2.9
        D:8 |    1026 |    1008 |  49.6 |      21 |       9 |  30.0
        D:9 |    1983 |     466 |  19.0 |      39 |       1 |   2.5
       D:10 |    3292 |    7957 |  70.7 |      21 |      40 |  65.6
       D:11 |    4225 |       0 |   0.0 |      40 |       0 |   0.0
       D:12 |    3589 |    3420 |  48.8 |      27 |      32 |  54.2
       D:13 |    6351 |    1096 |  14.7 |      38 |       2 |   5.0
       D:14 |    9192 |       0 |   0.0 |      31 |       0 |   0.0
       D:15 |   17532 |    5792 |  24.8 |      38 |       4 |   9.5
     Lair:1 |    3529 |     673 |  16.0 |      16 |       3 |  15.8
     Lair:2 |    4499 |    1293 |  22.3 |      18 |       3 |  14.3
     Lair:3 |    4010 |    1772 |  30.6 |      20 |       5 |  20.0
     Lair:4 |    1184 |     469 |  28.4 |       5 |       4 |  44.4
     Lair:5 |    5965 |       0 |   0.0 |      20 |       0 |   0.0
     Lair:6 |    9742 |    8326 |  46.1 |      33 |      27 |  45.0
    Swamp:1 |   15482 |    2330 |  13.1 |      43 |       1 |   2.3
    Swamp:2 |   10013 |       0 |   0.0 |      20 |       0 |   0.0
    Swamp:3 |   11686 |       0 |   0.0 |      28 |       0 |   0.0
    Swamp:4 |   16449 |   20397 |  55.4 |      37 |      23 |  38.3
    Snake:1 |   13759 |   12846 |  48.3 |      26 |      21 |  44.7
    Snake:2 |   14935 |    3670 |  19.7 |      26 |       1 |   3.7
    Snake:3 |    8412 |    1092 |  11.5 |      13 |       3 |  18.8
    Snake:4 |   10568 |   29769 |  73.8 |      21 |      44 |  67.7
      Orc:1 |    6137 |     340 |   5.2 |      42 |       4 |   8.7
      Orc:2 |    2390 |    6037 |  71.6 |      38 |      52 |  57.8
      Elf:1 |   10324 |   16288 |  61.2 |      16 |      38 |  70.4
      Elf:2 |    8542 |   27049 |  76.0 |      15 |      34 |  69.4
   Vaults:1 |   34194 |   20059 |  37.0 |      59 |      26 |  30.6
   Vaults:2 |   33380 |   18155 |  35.2 |      45 |      26 |  36.6
   Vaults:3 |   19174 |    6508 |  25.3 |      28 |      10 |  26.3
            +---------+---------+-------+---------+---------+-------
